[Event "Titled Tuesday Blitz August 17 2021"]
[White "Turner, Max N"]
[Black "Ivic, Velimir"]
[WhiteFideId "447722"]
[BlackFideId "950122"]
[WhiteElo "2078"]
[BlackElo "2509"]
[Result "1-0"]
[Round "01"]
[TimeControl "180+1"]
[Date "2021.08.17"]
[WhiteClock "0:00:25"]
[BlackClock "0:00:08"]

1. d4 Nf6 2. c4 b6 3. Nc3 Bb7 4. d5 e5 5. e4 Bb4 6. Qc2 Bxc3+ 7. Qxc3 O-O 8. Bd3 d6 9. Ne2 c6 10. O-O Nbd7 11. Be3 Nc5 12. f3 cxd5 13. cxd5 Rc8 14. Qd2 Nfd7 15. g4 Nxd3 16. Qxd3 Nc5 17. Qd2 Ba6 18. Bxc5 bxc5 19. Rfc1 Rb8 20. Kg2 Bxe2 21. Qxe2 Rb4 22. b3 Qa5 23. Rc4 Rxc4 24. bxc4 Rb8 25. Qc2 Qb4 26. Kg3 Qb2 27. Rc1 Qxc2 28. Rxc2 a5 29. Rc3 a4 30. h4 f6 31. g5 Kf7 32. f4 Rb2 33. Ra3 Rb4 34. Rc3 h5 35. gxh6 gxh6 36. Kg4 Kg6 37. h5+ Kg7 38. fxe5 fxe5 39. Kf5 Kf7 40. Rg3 Rb2 41. Rg6 Rf2+ 42. Kg4 Rf4+ 43. Kg3 Rxe4 44. Rxd6 Rxc4 45. Rxh6 Rc2 46. Rc6 Rxa2 47. h6 Ra1 48. Kg2 Ra2+ 49. Kg3 Ra1 50. h7 Kg7 51. Rc7+ Kh8 52. d6 a3 53. d7 Rd1 54. Rc8+ Kxh7 55. d8=Q Rxd8 56. Rxd8 Kg6 57. Ra8 Kf5 58. Kf3 Ke6 59. Ke4 Kd6 60. Ra6+ Kc7 61. Kxe5 Kb7 62. Rxa3 Kc6 63. Rc3 Kb5 64. Kd5 1-0


[Site "https://www.chess.com"]

[Event "Titled Tuesday Blitz August 17 2021"]
[White "Urquhart, Ed"]
[Black "Timofeev, Artyom"]
[WhiteFideId "2603748"]
[BlackFideId "4140419"]
[WhiteElo "2184"]
[BlackElo "2582"]
[Result "1/2-1/2"]
[Round "01"]
[TimeControl "180+1"]
[Date "2021.08.17"]
[WhiteClock "0:00:57"]
[BlackClock "0:00:40"]

1. e4 e6 2. d4 d5 3. Nd2 dxe4 4. Nxe4 Nd7 5. Nf3 Ngf6 6. Bd3 c5 7. O-O Nxe4 8. Bxe4 Nf6 9. Bd3 cxd4 10. Nxd4 Bc5 11. Nb3 Bd6 12. Bb5+ Ke7 13. Bg5 Qc7 14. h3 h6 15. Bd2 Rd8 16. Rc1 b6 17. Qe2 Bb7 18. Rfe1 Kf8 19. Bc3 Nd5 20. Be5 Bxe5 21. Qxe5 Qxe5 22. Rxe5 Rac8 23. c3 Nf4 24. Bf1 Nd3 25. Bxd3 Rxd3 26. Rce1 Bd5 27. R5e3 Rxe3 28. Rxe3 Bxb3 29. axb3 Rd8 30. Re2 Rd1+ 31. Kh2 Ke7 32. b4 g5 33. Kg3 f5 34. Kf3 Kf6 35. Rc2 e5 36. g4 Rd3+ 37. Kg2 f4 38. f3 e4 39. fxe4 Ke5 40. c4 Kxe4 41. c5 bxc5 42. bxc5 Rd8 43. b4 Rc8 44. c6 a6 45. Rc5 Ke3 46. Re5+ Kd4 47. Rc5 Ke3 48. Re5+ Kd4 49. Rc5 Ke3 1/2-1/2


[Site "https://www.chess.com"]

[Event "Titled Tuesday Blitz August 17 2021"]
[White "Vlassov, Nikolai"]
[Black "ARTHURMOTIVATOR"]
[WhiteFideId "4103360"]
[WhiteElo "2407"]
[BlackElo "2333"]
[Result "0-1"]
[Round "01"]
[TimeControl "180+1"]
[Date "2021.08.18"]
[WhiteClock "0:00:28"]
[BlackClock "0:00:50"]

1. e4 e5 2. Bc4 Nf6 3. d3 Nc6 4. Nf3 h6 5. O-O d6 6. Nc3 g6 7. h3 Bg7 8. Be3 O-O 9. d4 exd4 10. Nxd4 Re8 11. f3 Nh5 12. Qd2 g5 13. Nd5 Be6 14. c3 Ne5 15. Bb3 c6 16. Nb4 Bc4 17. Nf5 Bxf1 18. Rxf1 Bf8 19. Rd1 a5 20. Nd3 a4 21. Bc2 Nc4 22. Qe2 Nxe3 23. Qxe3 Qf6 24. Nf2 Qxf5 25. Qb6 Qf4 26. Qxb7 Qg3 27. Qxc6 Nf4 0-1


[Site "https://www.chess.com"]

[Event "Titled Tuesday Blitz August 17 2021"]
[White "Weetik, Vjacheslav"]
[Black "Golizadeh, Asghar"]
[WhiteFideId "4153472"]
[BlackFideId "12505269"]
[WhiteElo "2469"]
[BlackElo "2403"]
[Result "1/2-1/2"]
[Round "01"]
[TimeControl "180+1"]
[Date "2021.08.17"]
[WhiteClock "0:00:11"]
[BlackClock "0:00:39"]

1. d4 Nf6 2. Bf4 e6 3. e3 d5 4. Nd2 c5 5. c3 Nc6 6. Bd3 Bd6 7. Bxd6 Qxd6 8. f4 cxd4 9. cxd4 Bd7 10. a3 O-O 11. Ngf3 Rac8 12. Ne5 Ne4 13. Nxe4 dxe4 14. Bxe4 Nxe5 15. fxe5 Qb6 16. O-O Qxb2 17. Qd3 h6 18. Rab1 Qa2 19. Rxb7 Bc6 20. Bxc6 Rxc6 21. Rxa7 Rc2 22. Qe4 Re2 23. Qf3 Kh8 24. h3 Qd2 25. Kh1 Rxe3 26. Qf4 Qd3 27. Rxf7 Rxf7 28. Qxf7 Rxh3+ 29. gxh3 Qxh3+ 30. Kg1 Qg3+ 31. Kh1 Qh3+ 32. Kg1 Qg3+ 33. Kh1 Qh3+ 1/2-1/2


[Site "https://www.chess.com"]

[Event "Titled Tuesday Blitz August 17 2021"]
[White "Yordanov, Nikolay Plamenov"]
[Black "Maksimovic, Bojan"]
[WhiteFideId "2907445"]
[BlackFideId "14408120"]
[WhiteElo "2248"]
[BlackElo "2439"]
[Result "1/2-1/2"]
[Round "01"]
[TimeControl "180+1"]
[Date "2021.08.17"]
[WhiteClock "0:00:04"]
[BlackClock "0:00:06"]

1. d4 Nf6 2. Bf4 c5 3. e3 b6 4. Nf3 Bb7 5. c3 d6 6. Bd3 g6 7. Nbd2 Bg7 8. h3 O-O 9. O-O Nbd7 10. Qe2 Rc8 11. a4 Nh5 12. Bh2 e5 13. dxe5 Nxe5 14. Ba6 Bxa6 15. Qxa6 Qe7 16. Nxe5 dxe5 17. a5 Rfd8 18. Rfd1 Nf6 19. axb6 axb6 20. Nc4 Ne4 21. Qxb6 Re8 22. f3 Rb8 23. Qa7 Qe6 24. Qa6 Ng5 25. Rd6 Nxh3+ 26. gxh3 Qxh3 27. Qc6 e4 28. Rf1 exf3 29. Qxf3 Qh4 30. Qf4 Qe7 31. Rd2 Ra8 32. Rdf2 f5 33. Nb6 Rad8 34. Nc4 h5 35. Bg3 Kh7 36. Bh4 Bf6 37. Bxf6 Qxf6 38. Rg2 Qg7 39. Qh4 Rd7 40. Rxf5 gxf5 41. Rxg7+ Rxg7+ 42. Kh2 Re6 43. Nd2 Rxe3 44. Qxh5+ Kg8 45. Qxf5 Re2+ 46. Kh3 Rxd2 47. Qe6+ Kh7 48. Qe4+ Kg8 49. Qe8+ Kh7 50. Qh5+ Kg8 51. Qe8+ Kh7 52. Qh5+ Kg8 53. Qe8+ 1/2-1/2


[Site "https://www.chess.com"]

[Event "Titled Tuesday Blitz August 17 2021"]
[White "Zakhartsov, Vladimir"]
[Black "Ayushh, Ravikumar"]
[WhiteFideId "4145097"]
[BlackFideId "35039482"]
[WhiteElo "2488"]
[BlackElo "1441"]
[Result "1-0"]
[Round "01"]
[TimeControl "180+1"]
[Date "2021.08.18"]
[WhiteClock "0:00:16"]
[BlackClock "0:00:04"]

1. d4 Nf6 2. c4 e6 3. Nc3 d5 4. Nf3 Bb4 5. Qa4+ Nc6 6. e3 O-O 7. Bd2 dxc4 8. Bxc4 Bd6 9. Rd1 Qe7 10. O-O Bd7 11. Qc2 a6 12. a3 Rab8 13. h3 b5 14. Bd3 b4 15. Ne4 bxa3 16. bxa3 h6 17. Nxf6+ Qxf6 18. Be4 Rb6 19. Rb1 Rfb8 20. Rxb6 Rxb6 21. a4 Nb4 22. Qd1 Qd8 23. Bb1 Qe8 24. Bxb4 Rxb4 25. Qd3 Bxa4 26. Qh7+ Kf8 27. Qh8+ Ke7 28. Qxg7 Bb5 29. Re1 Qf8 30. Qg4 Bc6 31. e4 Kd7 32. e5 Be7 33. Be4 Bxe4 34. Qxe4 Qb8 35. Qh7 Qb7 36. Qxf7 Rb1 37. Rxb1 Qxb1+ 38. Kh2 a5 39. d5 exd5 40. Qxd5+ Ke8 41. Qxa5 Qb6 42. Qd5 Qg6 43. Nd4 Qf7 44. Qa8+ Kd7 45. e6+ 1-0


[Site "https://www.chess.com"]

[Event "Titled Tuesday Blitz August 17 2021"]
[White "Zarubitski, Viachaslau"]
[Black "Alhadad, Mahmoud"]
[WhiteFideId "13509373"]
[BlackFideId "11501863"]
[WhiteElo "2315"]
[BlackElo "1955"]
[Result "1-0"]
[Round "01"]
[TimeControl "180+1"]
[Date "2021.08.18"]
[WhiteClock "0:00:21"]
[BlackClock "0:00:08"]

1. e4 d5 2. exd5 Nf6 3. Nf3 Bg4 4. h3 Bxf3 5. Qxf3 Qxd5 6. Qxd5 Nxd5 7. d4 Nc6 8. c3 O-O-O 9. Bb5 e6 10. O-O a6 11. Bxc6 bxc6 12. Nd2 c5 13. dxc5 Bxc5 14. Nb3 Bb6 15. a3 h6 16. c4 Nf6 17. c5 Rd3 18. cxb6 Rxb3 19. bxc7 Kxc7 20. Bf4+ Kb7 21. Be5 Rd8 22. Rfd1 Rbd3 23. Rxd3 Rxd3 24. Rc1 Ne8 25. Kf1 f6 26. Bc3 e5 27. Ke2 Rd5 28. Bb4 Nc7 29. Ke3 a5 30. Bc3 Ne6 31. Ke4 Rc5 32. Kf5 Nd4+ 33. Kg6 Ne2 34. Rc2 Nd4 35. Rd2 Ne6 36. Rd6 Rc6 37. Rxc6 Kxc6 38. Bxa5 Kd5 39. Bd2 Ke4 40. a4 f5 41. a5 Kd3 42. Bc3 Nf4+ 43. Kxf5 Nxg2 44. a6 Nf4 45. a7 Nxh3 46. a8=Q g6+ 47. Kxe5 Nxf2 48. Qf3+ Kc2 49. Qxf2+ Kb3 50. Qg3 h5 51. Kf6 h4 52. Qxh4 g5 53. Qxg5 Ka2 54. Ke6 Kb1 55. b4 Ka2 56. Bf6 Kb1 57. Qg2 Kc1 58. b5 Kd1 59. b6 Ke1 60. b7 Kd1 61. b8=Q Ke1 62. Qb1# 1-0


[Site "https://www.chess.com"]

[Event "Titled Tuesday Blitz August 17 2021"]
[White "davigator"]
[Black "Shkapenko, Pavel"]
[BlackFideId "4151933"]
[WhiteElo "2339"]
[BlackElo "2386"]
[Result "0-1"]
[Round "01"]
[TimeControl "180+1"]
[Date "2021.08.18"]
[WhiteClock "0:00:56"]
[BlackClock "0:00:07"]

1. e4 e5 2. Nf3 Nc6 3. Bb5 Bc5 4. c3 f5 5. d3 d6 6. O-O fxe4 7. dxe4 Nf6 8. Bg5 O-O 9. Nbd2 Bd7 10. a4 a6 11. Bc4+ Kh8 12. a5 Qe8 13. Qb3 Rb8 14. h3 Qg6 15. Kh2 Nh5 16. Rae1 Nf4 17. Bxf4 Rxf4 18. Qa2 Rbf8 19. b4 Ba7 20. Bd5 Rxf3 21. Nxf3 Rxf3 22. gxf3 Qh5 23. Rh1 Bxh3 24. Kg3 Qg5+ 25. Kxh3 Ne7 26. Reg1 Qf6 27. Rg3 Ng6 28. Kg2 Nf4+ 29. Kf1 c6 30. Bc4 h6 31. Qd2 h5 32. Be2 g5 33. c4 Kh7 34. b5 Bd4 35. bxc6 bxc6 36. Qb4 h4 37. Qb7+ Kg6 38. Rg4 d5 39. cxd5 cxd5 40. exd5 e4 41. Qb1 Kf7 42. Qxe4 Be5 43. d6 Bxd6 44. Bc4+ Kf8 45. Qa8+ Kg7 46. Rhxh4 Qa1# 0-1


[Site "https://www.chess.com"]

[Event "Titled Tuesday Blitz August 17 2021"]
[White "volunteers1998"]
[Black "Florescu, Codrut-Constantin"]
[BlackFideId "1202200"]
[WhiteElo "2226"]
[BlackElo "2243"]
[Result "1/2-1/2"]
[Round "01"]
[TimeControl "180+1"]
[Date "2021.08.18"]
[WhiteClock "0:00:12"]
[BlackClock "0:00:13"]

1. e4 c5 2. Nf3 e6 3. d4 cxd4 4. Nxd4 Nf6 5. Nc3 d6 6. Be3 a6 7. Be2 Be7 8. O-O Qc7 9. f4 Nbd7 10. Qe1 h5 11. Qg3 g6 12. Rad1 b5 13. Bf3 Bb7 14. e5 dxe5 15. fxe5 Ng4 16. Bxb7 Qxb7 17. Bf4 b4 18. Na4 Nc5 19. Nxc5 Bxc5 20. Kh1 Rd8 21. c3 bxc3 22. bxc3 Bxd4 23. cxd4 Nh6 24. Rb1 Qd5 25. Qb3 Qxb3 26. Rxb3 Nf5 27. Bg5 Rc8 28. Rd1 O-O 29. h3 h4 30. d5 exd5 31. Rxd5 Rfe8 32. Rb6 Re6 33. Rxe6 fxe6 34. Ra5 Rc6 35. Kg1 Kf7 36. Kf2 Ke8 37. Ra4 Kd7 38. Bxh4 Rc2+ 39. Kf3 Nxh4+ 40. Rxh4 Rxa2 41. Rh6 Ra5 42. Rxg6 Rxe5 43. Rg7+ Kd6 44. g4 a5 45. h4 Re1 46. h5 Rh1 47. Ra7 Rf1+ 48. Ke4 Rg1 49. Kf4 Rf1+ 50. Kg5 e5 51. h6 e4 52. h7 Rh1 53. Kg6 e3 54. Rxa5 e2 55. Ra6+ Kd5 56. Ra5+ Kd4 57. Ra4+ Kd3 58. Ra3+ Kd4 59. Ra4+ Kd5 60. Ra5+ Kd6 61. Ra6+ Kd7 62. Ra7+ Ke8 63. Ra8+ Ke7 64. Ra7+ Ke6 65. Ra6+ Ke5 66. Ra5+ Kf4 67. Ra4+ Kg3 68. Ra3+ Kxg4 69. Re3 e1=Q 70. Rxe1 Rxe1 71. h8=Q Re4 72. Qh5+ Kg3 73. Qf5 Rg4+ 74. Kf6 Rf4 75. Qxf4+ Kxf4 1/2-1/2


[Site "https://www.chess.com"]

[Event "Titled Tuesday Blitz August 17 2021"]
[White "ARTHURMOTIVATOR"]
[Black "Chirila, Ioan-Cristian"]
[BlackFideId "1211668"]
[WhiteElo "2354"]
[BlackElo "2445"]
[Result "0-1"]
[Round "02"]
[TimeControl "180+1"]
[Date "2021.08.17"]
[WhiteClock "0:00:27"]
[BlackClock "0:00:39"]

1. e4 c5 2. b3 Nf6 3. e5 Nd5 4. Bb2 Nc6 5. Nf3 e6 6. Nc3 Nxc3 7. dxc3 d6 8. exd6 Bxd6 9. Bd3 O-O 10. Qe2 Qc7 11. O-O-O Ne5 12. c4 Nxd3+ 13. Qxd3 Be7 14. h4 f6 15. h5 e5 16. h6 g6 17. Rhe1 Bf5 18. Qd5+ Rf7 19. Bxe5 fxe5 20. Nxe5 Bg5+ 21. Kb1 Bxh6 22. g4 Bxg4 23. Nxg4 Bg7 24. Re6 Raf8 25. Rde1 Qf4 26. Ne5 Bxe5 27. R6xe5 Qxf2 28. Re7 Kg7 29. Qxb7 Qxe1+ 0-1


[Site "https://www.chess.com"]

[Event "Titled Tuesday Blitz August 17 2021"]
[White "Abdurakhmonov, Mukhammadali"]
[Black "Cunha, Lucas Aguiar"]
[WhiteFideId "14207346"]
[BlackFideId "2125404"]
[WhiteElo "2266"]
[BlackElo "2361"]
[Result "1-0"]
[Round "02"]
[TimeControl "180+1"]
[Date "2021.08.17"]
[WhiteClock "0:00:20"]
[BlackClock "0:00:06"]

1. e4 c5 2. Nc3 Nc6 3. Nge2 e6 4. g3 Nf6 5. Bg2 d6 6. O-O Qc7 7. d4 cxd4 8. Nxd4 a6 9. Re1 Bd7 10. Nxc6 bxc6 11. b3 Be7 12. Qd2 O-O 13. Ba3 Rfe8 14. Rad1 d5 15. Bxe7 Rxe7 16. Na4 e5 17. exd5 cxd5 18. Bxd5 Rd8 19. Bg2 Ree8 20. Qc3 Qb8 21. Nc5 Qc7 22. Ne4 Qb6 23. Rd6 Nxe4 24. Rxb6 Nxc3 25. Rxa6 Bb5 26. Rb6 Rd2 27. a4 Bd7 28. a5 Rxc2 29. Ra1 Nb5 30. a6 Rc7 31. Rb7 e4 32. Bxe4 Rxe4 33. a7 Re8 34. a8=Q Rxa8 35. Rxa8+ Rc8 36. Rxc8+ Bxc8 37. Rxb5 Kf8 38. Rb8 1-0


[Site "https://www.chess.com"]

[Event "Titled Tuesday Blitz August 17 2021"]
[White "Amburgy, Ryan"]
[Black "Klyashtorny, Vladislav"]
[WhiteFideId "30924820"]
[BlackFideId "4170938"]
[WhiteElo "2066"]
[BlackElo "2325"]
[Result "1-0"]
[Round "02"]
[TimeControl "180+1"]
[Date "2021.08.18"]
[WhiteClock "0:00:17"]
[BlackClock "0:00:17"]

1. Nf3 d5 2. e3 Nf6 3. c4 c6 4. Nc3 a6 5. cxd5 cxd5 6. b3 g6 7. Bb2 Bg7 8. Be2 O-O 9. O-O Nc6 10. d4 Bg4 11. Rc1 Rc8 12. h3 Bxf3 13. Bxf3 e6 14. Na4 Nd7 15. Nc5 Nxc5 16. Rxc5 Qd7 17. a3 Ne7 18. Qd2 b6 19. Rcc1 Qb5 20. b4 Rxc1 21. Rxc1 Rc8 22. Rxc8+ Nxc8 23. Be2 Qa4 24. Qc3 Nd6 25. Kh2 Bf8 26. Bd3 a5 27. bxa5 bxa5 28. e4 Nb5 29. Qc6 dxe4 30. Qxb5 Bd6+ 31. g3 Qd1 32. Bxe4 Qd2 33. Kg2 a4 34. d5 e5 35. Bxe5 Bxe5 36. Qe8+ Kg7 37. Qxe5+ Kf8 38. d6 f5 39. Qf6+ Kg8 40. Bf3 Qd3 41. Qe7 1-0


[Site "https://www.chess.com"]

[Event "Titled Tuesday Blitz August 17 2021"]
[White "Awatramani, Janak"]
[Black "FGHSMN"]
[WhiteFideId "2608359"]
[WhiteElo "2873"]
[BlackElo "2587"]
[Result "1-0"]
[Round "02"]
[TimeControl "180+1"]
[Date "2021.08.17"]
[WhiteClock "0:01:32"]
[BlackClock "0:00:37"]

1. e4 c5 2. Nc3 e6 3. f4 Nc6 4. Bb5 Nd4 5. Bc4 Nf6 6. e5 d5 7. Be2 Nd7 8. Nf3 Nxe2 9. Nxe2 Be7 10. c3 O-O 11. d4 cxd4 12. Nexd4 Nc5 13. O-O Ne4 14. Be3 Bd7 15. Qe2 Rc8 16. Nd2 Nxd2 17. Qxd2 Bc5 18. Rf3 f5 19. exf6 Qxf6 20. Ne2 b6 21. Bd4 Bb5 22. b4 Bxd4+ 23. Nxd4 Bc4 24. Re1 Rce8 25. g3 h5 26. Rfe3 h4 27. Rxe6 Rxe6 28. Rxe6 Qf7 29. f5 hxg3 30. hxg3 Qh5 31. a3 Rf6 32. Kg2 Qf7 33. g4 g6 34. Qg5 Rxe6 35. Nxe6 Qe8 36. Qf6 Qf7 37. Qd8+ Kh7 38. Ng5+ Kg7 39. Nxf7 Kxf7 40. f6 1-0


[Site "https://www.chess.com"]

[Event "Titled Tuesday Blitz August 17 2021"]
[White "Baches Garcia, Guillermo"]
[Black "Solon, Nathan"]
[WhiteFideId "2209764"]
[BlackFideId "2017229"]
[WhiteElo "2471"]
[BlackElo "2691"]
[Result "0-1"]
[Round "02"]
[TimeControl "180+1"]
[Date "2021.08.17"]
[WhiteClock "0:00:16"]
[BlackClock "0:00:56"]

1. e4 c6 2. Nc3 d5 3. Nf3 Bg4 4. h3 Bxf3 5. Qxf3 e6 6. d4 Nf6 7. exd5 cxd5 8. Bg5 Be7 9. Bd3 Nc6 10. Ne2 Qb6 11. O-O Nxd4 12. Nxd4 Qxd4 13. Bb5+ Kf8 14. Qb3 Ne4 15. Be3 Qb4 16. c3 Qxb3 17. axb3 Bc5 18. Bf4 g5 19. Be5 f6 20. Bh2 Kf7 21. Rad1 h5 22. Bd3 Rad8 23. b4 Bb6 24. Bxe4 dxe4 25. Rfe1 e3 26. fxe3 Bxe3+ 27. Kf1 Bb6 28. Ke2 e5 29. Bg1 Bxg1 30. Rxg1 Ke6 31. Ra1 a6 32. b5 axb5 33. Ra5 Rd5 34. Ra7 Rhd8 35. Rxb7 Rd2+ 36. Ke1 Rd1+ 37. Ke2 R1d2+ 38. Kf1 Rxb2 0-1


[Site "https://www.chess.com"]

[Event "Titled Tuesday Blitz August 17 2021"]
[White "Balabayeva, Xeniya"]
[Black "Zakhartsov, Vladimir"]
[WhiteFideId "13719688"]
[BlackFideId "4145097"]
[WhiteElo "1988"]
[BlackElo "2488"]
[Result "0-1"]
[Round "02"]
[TimeControl "180+1"]
[Date "2021.08.17"]
[WhiteClock "0:00:01"]
[BlackClock "0:00:24"]

1. e4 c5 2. Nf3 d6 3. Bb5+ Nd7 4. O-O a6 5. Be2 Ngf6 6. Nc3 e6 7. a4 b6 8. d3 Bb7 9. Re1 Be7 10. Bf4 O-O 11. h3 Re8 12. Qd2 h6 13. Rad1 Bf8 14. Bf1 Qc7 15. Bh2 Rad8 16. d4 cxd4 17. Nxd4 Qc8 18. Nb3 Qa8 19. Qe3 e5 20. Rd2 Rc8 21. Kh1 Rxc3 22. bxc3 Nxe4 23. Rdd1 Rc8 24. c4 Nec5 25. a5 bxa5 26. Nxa5 Be4 27. Rd2 Bf5 28. Nb3 Ne4 29. Rdd1 Ng5 30. h4 Ne6 31. Bd3 Bh7 32. Bxh7+ Kxh7 33. Nd2 Nf6 34. Kg1 Kg8 35. Qd3 Nc5 36. Qe2 a5 37. Ra1 a4 38. Nb1 Qa5 39. Qd2 Qa6 40. Na3 Nce4 41. Qd3 Nc5 42. Qe2 Nfe4 0-1


[Site "https://www.chess.com"]

[Event "Titled Tuesday Blitz August 17 2021"]
[White "Baradaran, Arman"]
[Black "Sengupta, Deep"]
[WhiteFideId "880515"]
[BlackFideId "5008352"]
[WhiteElo "2132"]
[BlackElo "2347"]
[Result "0-1"]
[Round "02"]
[TimeControl "180+1"]
[Date "2021.08.18"]
[WhiteClock "0:00:02"]
[BlackClock "0:00:32"]

1. d4 e6 2. c4 b6 3. Nf3 Bb7 4. g3 f5 5. Bg2 Bb4+ 6. Bd2 a5 7. O-O Nf6 8. Nc3 O-O 9. a3 Bxc3 10. Bxc3 Ne4 11. Qc2 Qe7 12. Nd2 Nxc3 13. Qxc3 Bxg2 14. Kxg2 c5 15. d5 e5 16. f4 d6 17. e4 fxe4 18. fxe5 dxe5 19. Rxf8+ Kxf8 20. Nxe4 Nd7 21. Qd3 Kg8 22. h4 Rf8 23. Ng5 Nf6 24. Ne6 Rf7 25. Qe3 Qd6 26. Qg5 Nxd5 27. Rf1 h6 28. Qg6 Ne3+ 29. Kh3 Nxf1 0-1


[Site "https://www.chess.com"]

[Event "Titled Tuesday Blitz August 17 2021"]
[White "Bazeev, German"]
[Black "Eternauta2400"]
[WhiteFideId "24119350"]
[WhiteElo "2462"]
[BlackElo "2526"]
[Result "0-1"]
[Round "02"]
[TimeControl "180+1"]
[Date "2021.08.17"]
[WhiteClock "0:00:24"]
[BlackClock "0:01:41"]

1. d4 Nf6 2. Nf3 d5 3. c4 e6 4. g3 dxc4 5. Bg2 Nbd7 6. O-O a6 7. a4 Rb8 8. Nc3 b5 9. axb5 axb5 10. Ne5 Nxe5 11. dxe5 Nd7 12. Bc6 Bc5 13. Nxb5 O-O 14. Bf4 Rb6 15. Na7 Nb8 16. Bf3 Bb7 17. Qc2 Bxf3 18. exf3 Qd5 19. Kg2 Rb3 20. Qe2 Qb7 21. Qxc4 Rxf3 22. Kg1 Bxa7 23. b4 Bb6 24. h4 0-1


[Site "https://www.chess.com"]

[Event "Titled Tuesday Blitz August 17 2021"]
[White "Bok, Benjamin"]
[Black "Sonis, Francesco"]
[WhiteFideId "1017063"]
[BlackFideId "895733"]
[WhiteElo "2658"]
[BlackElo "2373"]
[Result "1-0"]
[Round "02"]
[TimeControl "180+1"]
[Date "2021.08.17"]
[WhiteClock "0:00:19"]
[BlackClock "0:01:09"]

1. d4 d5 2. c4 c6 3. Nf3 Nf6 4. Nc3 a6 5. cxd5 cxd5 6. Bf4 Nc6 7. Rc1 e6 8. e3 Be7 9. Bd3 Nh5 10. Be5 Nf6 11. O-O O-O 12. Bg3 Nh5 13. Be5 Nf6 14. Na4 Nxe5 15. Nxe5 Nd7 16. Qc2 Nxe5 17. dxe5 g6 18. Qc7 Bd7 19. Nb6 Bc6 20. Nxa8 Qe8 21. Rxc6 bxc6 22. Nb6 Bd8 23. Qb7 Bxb6 24. Qxb6 Qb8 25. Qxb8 Rxb8 26. b3 a5 27. Rc1 a4 28. bxa4 Rb2 29. Rxc6 Rxa2 30. Ra6 h5 31. g3 h4 32. gxh4 Kg7 33. a5 Kh6 34. Ra7 Kh5 35. Rxf7 Rxa5 36. Rf6 Kxh4 37. Kg2 Ra3 38. Bxg6 Ra4 39. Rxe6 d4 40. exd4 Rxd4 41. Rd6 Rf4 42. Kf1 Kg5 43. Bd3 1-0


[Site "https://www.chess.com"]

[Event "Titled Tuesday Blitz August 17 2021"]
[White "Bologan, Victor"]
[Black "Eynullayev, Atilla"]
[WhiteFideId "13900048"]
[BlackFideId "13413570"]
[WhiteElo "2511"]
[BlackElo "1997"]
[Result "0-1"]
[Round "02"]
[TimeControl "180+1"]
[Date "2021.08.17"]
[WhiteClock "0:00:36"]
[BlackClock "0:01:08"]

1. e4 c5 2. Nf3 e6 3. d3 Nc6 4. g3 d5 5. Qe2 Nf6 6. Bg2 g6 7. O-O Bg7 8. c3 O-O 9. e5 Nd7 10. d4 cxd4 11. cxd4 f6 12. exf6 Nxf6 13. Nc3 Bd7 14. Bf4 Qb6 15. Rad1 Rad8 16. Rfe1 Qa6 17. Qxa6 bxa6 18. Bd6 Rfe8 19. Bc5 Bf8 20. Bxf8 Kxf8 21. Re2 Rb8 22. a3 a5 23. Na4 Ne4 24. Rc2 Nb4 25. Nc5 Nxc2 26. Nxd7+ Ke7 27. Nxb8 Rxb8 28. Ne5 Rxb2 29. Rc1 Nxd4 30. Rd1 Ne2+ 31. Kf1 N2c3 0-1


[Site "https://www.chess.com"]

[Event "Titled Tuesday Blitz August 17 2021"]
[White "Borawski, Jakub"]
[Black "Jaracz, Pawel"]
[WhiteFideId "1143000"]
[BlackFideId "1102222"]
[WhiteElo "2020"]
[BlackElo "2495"]
[Result "0-1"]
[Round "02"]
[TimeControl "180+1"]
[Date "2021.08.17"]
[WhiteClock "0:01:52"]
[BlackClock "0:02:19"]

1. e4 e5 2. Nf3 Nc6 3. Bb5 a6 4. Ba4 Nf6 5. O-O Be7 6. Re1 b5 7. Bb3 O-O 8. c3 d5 9. exd5 Nxd5 10. Nxe5 Nxe5 11. Rxe5 Nf6 12. d4 Bd6 13. Bf4 Bxe5 14. Bxe5 c5 15. Nd2 Ng4 16. Bg3 cxd4 17. Qf3 dxc3 18. Qxa8 cxb2 19. Rb1 Qxd2 20. h3 Qc1+ 0-1


[Site "https://www.chess.com"]

[Event "Titled Tuesday Blitz August 17 2021"]
[White "Bryakin, Mikhail"]
[Black "Krishnakumar, Sriram"]
[WhiteFideId "4165314"]
[BlackFideId "30915856"]
[WhiteElo "2336"]
[BlackElo "2336"]
[Result "0-1"]
[Round "02"]
[TimeControl "180+1"]
[Date "2021.08.18"]
[WhiteClock "0:00:17"]
[BlackClock "0:00:13"]

1. e4 e5 2. Nf3 Nc6 3. d4 exd4 4. Nxd4 Nf6 5. Nxc6 bxc6 6. Nc3 Bb4 7. Bd3 d5 8. exd5 cxd5 9. O-O O-O 10. h3 c6 11. Qf3 Rb8 12. Bg5 Bd6 13. Na4 h6 14. Bh4 Rb4 15. Bxf6 Qxf6 16. Qxf6 gxf6 17. b3 Be6 18. Rad1 c5 19. Nc3 Be5 20. Ne2 c4 21. bxc4 dxc4 22. Be4 c3 23. Bd5 Bf5 24. Rb1 Rxb1 25. Rxb1 Bxc2 26. Rc1 Bf5 27. Nxc3 Rc8 28. Ne2 Rxc1+ 29. Nxc1 Be6 30. Bb3 Kf8 31. Nd3 Bd6 32. Kf1 Ke7 33. Ke2 Kd7 34. Ke3 a5 35. h4 Kc6 36. g3 Kb5 37. a4+ Kc6 38. Bd1 Be5 39. f3 Bd5 40. f4 Bd6 41. Kd4 Bc7 42. g4 Bb6+ 43. Kc3 Be3 44. g5 fxg5 45. hxg5 hxg5 46. fxg5 Bxg5 47. Ne5+ Kc5 48. Nf3 Bf6+ 49. Kd3 Kb4 50. Nd2 Bg5 51. Ne4 Be7 52. Nd2 f5 53. Kd4 Bc6 54. Nc4 Bf6+ 55. Kd3 Be4+ 56. Kd2 Kxc4 57. Be2+ Kb4 58. Bb5 Bg5+ 59. Ke2 Bd5 60. Kd3 Bb3 61. Kd4 Bxa4 62. Bc4 Bb3 63. Ba6 a4 64. Bd3 f4 65. Bb1 a3 66. Ke4 Bh6 67. Ba2 Bxa2 68. Kf3 Bd5+ 69. Kg4 a2 0-1


[Site "https://www.chess.com"]

[Event "Titled Tuesday Blitz August 17 2021"]
[White "Carnicelli, Valerio"]
[Black "AlexOstrovskiy"]
[WhiteFideId "856185"]
[WhiteElo "2332"]
[BlackElo "2817"]
[Result "0-1"]
[Round "02"]
[TimeControl "180+1"]
[Date "2021.08.17"]
[WhiteClock "0:02:07"]
[BlackClock "0:02:07"]

1. d4 Nf6 2. c4 e5 3. dxe5 Ng4 4. Nf3 Bc5 5. e3 Nc6 6. Nc3 O-O 7. Be2 Re8 8. b3 Ncxe5 9. Nxe5 Nxe5 10. Bb2 a5 11. O-O Ra6 12. Ne4 Ba7 13. Ng3 Rh6 14. f4 Bxe3+ 15. Rf2 Qh4 0-1


[Site "https://www.chess.com"]

[Event "Titled Tuesday Blitz August 17 2021"]
[White "Chigaev, Maksim"]
[Black "Hevia Alejano, Carlos Antonio"]
[WhiteFideId "4108116"]
[BlackFideId "3508811"]
[WhiteElo "2579"]
[BlackElo "2498"]
[Result "1-0"]
[Round "02"]
[TimeControl "180+1"]
[Date "2021.08.17"]
[WhiteClock "0:00:46"]
[BlackClock "0:01:15"]

1. c4 e5 2. g3 Nf6 3. Bg2 Nc6 4. d3 Bb4+ 5. Nd2 d5 6. cxd5 Nxd5 7. Nf3 Be6 8. O-O O-O 9. a3 Bc5 10. Nc4 f6 11. b4 Bb6 12. Bb2 Qd7 13. e4 Nde7 14. Nxb6 axb6 15. d4 Bc4 16. dxe5 Qxd1 17. Rfxd1 Be2 18. Rd7 Bxf3 19. exf6 Bxg2 20. fxe7 Rfe8 21. Kxg2 Rxe7 22. Rad1 Rae8 23. f3 Kf7 24. h4 g6 25. Kf2 b5 26. R7d5 Na7 27. h5 c6 28. Rd6 Nc8 29. hxg6+ hxg6 30. Rf6+ Kg8 31. Rxg6+ Kf7 32. Rf6+ Kg8 33. Rh1 Nb6 34. Rg6+ Kf7 35. Rg7+ Ke6 36. Rh6+ Kd7 37. Rhh7 Nc4 38. Rxe7+ Rxe7 39. Rxe7+ Kxe7 40. Bc1 b6 41. g4 c5 42. g5 Ne5 43. Ke3 c4 44. f4 Nd3 45. Bd2 Nb2 46. Kd4 Na4 47. f5 Kf7 48. g6+ Kf6 49. e5+ Kg7 50. e6 1-0


[Site "https://www.chess.com"]